[Event "ICC tourney 1955 (60 10)"]
[Site "Internet Chess Club"]
[Date "2020.08.08"]
[Round "5"]
[White "ganzy"]
[Black "vedrau"]
[Result "0-1"]
[ICCResult "White resigns"]
[WhiteElo "2052"]
[BlackElo "1992"]
[Opening "Alekhine's defense: exchange variation"]
[ECO "B02"]
[NIC "AL.08"]
[Time "15:20:54"]
[TimeControl "3600+10"]

1. e4 Nf6 2. e5 Nd5 3. c4 Nb6 4. d4 d6 5. exd6 cxd6 6. Nc3 g6 7. Be2 Bg7 8.
Be3 O-O 9. f4 Bf5 10. g4 Bd7 11. Rc1 Re8 12. d5 e6 13. Qd2 exd5 14. Nxd5
Nxd5 15. cxd5 Bxg4 16. Bxg4 Qh4+ 17. Kf1 Qxg4 18. h3 Qf5 19. Ne2 Qe4 20. Kf2
Na6 21. Ng3 Qb4 22. Qd3 Nc5 23. Bxc5 Qxf4+ 24. Kg2 dxc5 25. Rxc5 Re3
{White resigns}
0-1

[Event "ICC tourney 1955 (60 10)"]
[Site "Internet Chess Club"]
[Date "2020.08.08"]
[Round "5"]
[White "raghuraja"]
[Black "tigertiger2019"]
[Result "1-0"]
[ICCResult "Black checkmated"]
[WhiteElo "1782"]
[BlackElo "1654"]
[Opening "Grünfeld: 5.e3"]
[ECO "D94"]
[NIC "GI.09"]
[Time "15:21:14"]
[TimeControl "3600+10"]

1. d4 Nf6 2. c4 g6 3. Nc3 d5 4. Nf3 Bg7 5. e3 O-O 6. h3 c6 7. Bd3 dxc4 8.
Bxc4 b5 9. Bd3 Bb7 10. a3 a6 11. b4 Nd5 12. Nxd5 cxd5 13. O-O Nd7 14. Bb2
Nb6 15. Qb3 Rc8 16. Rfc1 Qd6 17. Qd1 Rc6 18. Rxc6 Bxc6 19. Nd2 Bd7 20. Nb3
Na4 21. Qd2 Rc8 22. Nc5 Nxc5 23. dxc5 Qc6 24. Bxg7 Kxg7 25. Qc3+ Qf6 26.
Qxf6+ Kxf6 27. Kf1 Bf5 28. Ke2 e5 29. Bxf5 Kxf5 30. Kd3 h5 31. a4 a5 32.
axb5 axb4 33. c6 Ke6 34. Ra6 Kd6 35. Rb6 f5 36. Kc2 Kc5 37. Rb7 d4 38. c7
Kc4 39. b6 d3+ 40. Kc1 b3 41. Ra7 Kb5 42. Ra8 Rxa8 43. b7 Ra1+ 44. Kb2 Ka4
45. b8=Q Ra2+ 46. Kb1 d2 47. Qd8 Ka3 48. Qd6+ Ka4 49. c8=Q d1=R+ 50. Qxd1
Rc2 51. Qdxc2 bxc2+ 52. Qxc2+ Kb4 53. Qb2+ Kc4 54. Qxe5 Kd3 55. Qf6 Ke2 56.
Qxg6 Kxf2 57. Qxf5+ Kxg2 58. e4 h4 59. e5 Kg3 60. e6 Kg2 61. e7 Kg3 62. e8=Q
Kh2 63. Qe2+ Kg3 64. Qff3# {Black checkmated} 1-0

[Event "ICC tourney 1955 (60 10)"]
[Site "Internet Chess Club"]
[Date "2020.08.08"]
[Round "5"]
[White "Zwish"]
[Black "IAlwaysWin"]
[Result "1-0"]
[ICCResult "Black forfeits on time"]
[WhiteElo "1974"]
[BlackElo "2104"]
[Opening "Anderssen's opening"]
[ECO "A00"]
[NIC "VO.14"]
[Time "15:21:14"]
[TimeControl "3600+10"]

1. a3 d5 2. Nf3 Nf6 3. e3 c6 4. b4 Bg4 5. Bb2 e6 6. Be2 Nbd7 7. h3 Bh5 8. g4
Bg6 9. Nh4 a5 10. b5 e5 11. Nc3 Ne4 12. Nxg6 Nxc3 13. dxc3 hxg6 14. c4 dxc4
15. Bxc4 Nb6 16. Qe2 Bd6 17. Rd1 Qe7 18. bxc6 bxc6 19. Qf3 O-O 20. Qxc6 Nxc4
21. Qxc4 Bxa3 22. Bxa3 Qxa3 23. O-O Rfc8 24. Qd5 Qc3 25. Ra1 a4 26. Kh2 a3
27. Ra2 Ra5 28. Qd3 Qxd3 29. cxd3 Rc3 30. Rd1 Kf8 31. d4 exd4 32. Rxd4 Rb3
33. Rdd2 Ke7 34. Kg3 g5 35. Ra1 g6 36. Raa2 Ke6 37. Ra1 Ra4 38. Raa2 Ra5 39.
Ra1 Rd5 40. Rc2 Kd6 41. Rc4 Rc5 42. Ra4 Rcc3 43. Ra7 f5 44. Ra6+ Kd5 45.
Ra5+ Ke4 46. Rd1 f4+ 47. Kg2 fxe3 48. f3+ {Black forfeits on time} 1-0

[Event "ICC tourney 1955 (60 10)"]
[Site "Internet Chess Club"]
[Date "2020.08.08"]
[Round "5"]
[White "closedforce"]
[Black "NK3"]
[Result "1/2-1/2"]
[ICCResult "Game drawn by mutual agreement"]
[WhiteElo "1922"]
[BlackElo "2151"]
[Opening "Catalan opening"]
[ECO "E00"]
[NIC "CA.01"]
[Time "15:20:03"]
[TimeControl "3600+10"]

1. d4 Nf6 2. c4 e6 3. g3 Bb4+ 4. Bd2 Qe7 5. Bg2 Nc6 6. Nf3 Bxd2+ 7. Nbxd2 d6
8. O-O O-O 9. Qc2 e5 10. e3 Bg4 11. Rac1 Rfe8 12. d5 Nb4 13. Qb3 a5 14. a3
Na6 15. Qc3 a4 16. Ng5 h6 17. Nge4 Nd7 18. b4 axb3 19. Nxb3 f5 20. f3 fxe4
21. fxg4 Nac5 22. Nxc5 Nxc5 23. Ra1 Qd7 24. h3 b5 25. Qc2 Ra4 26. Bxe4 Nxe4
27. Qxe4 Rxc4 28. Qg6 Re7 29. Rab1 Rc5 30. e4 {Game drawn by mutual
agreement} 1/2-1/2

[Event "ICC tourney 1955 (60 10)"]
[Site "Internet Chess Club"]
[Date "2020.08.08"]
[Round "5"]
[White "Tombstone"]
[Black "gardemarin13"]
[Result "1/2-1/2"]
[ICCResult "Game drawn by mutual agreement"]
[WhiteElo "2016"]
[BlackElo "1933"]
[Opening "Catalan opening"]
[ECO "E00"]
[NIC "CA.01"]
[Time "15:20:03"]
[TimeControl "3600+10"]

1. d4 Nf6 2. c4 e6 3. g3 Bb4+ 4. Nd2 c5 5. Nf3 b6 6. Bg2 Bb7 7. a3 Bxd2+ 8.
Qxd2 cxd4 9. O-O O-O 10. b4 Qc7 11. Qxd4 d5 12. cxd5 Bxd5 13. Bf4 Qb7 14.
Rac1 Nc6 15. Qb2 Rac8 16. Rfd1 Rfe8 17. Rd2 Be4 18. Rcd1 Nd5 19. Ne1 Bxg2
20. Nxg2 Nxf4 21. Nxf4 Rcd8 22. Rxd8 Rxd8 23. Rxd8+ Nxd8 24. Qe5 Qc8 25. Nd3
Nb7 26. Qf4 f6 27. Qd4 Qd8 28. Qc4 Qd7 29. Nf4 Kf7 30. Kg2 b5 31. Qe4 g6 32.
h4 Nd6 33. Qd3 Qc6+ 34. f3 e5 35. Nh3 Ke6 36. h5 Qc4 37. hxg6 Qxd3 38. exd3
hxg6 39. Ng1 Kd5 40. Ne2 a6 41. Kf2 Nf5 42. g4 Nd4 43. Nc3+
{Game drawn by mutual agreement}
1/2-1/2

[Event "ICC tourney 1955 (60 10)"]
[Site "Internet Chess Club"]
[Date "2020.08.08"]
[Round "5"]
[White "Elieman"]
[Black "blueeagle405"]
[Result "1-0"]
[ICCResult "Black resigns"]
[WhiteElo "2056"]
[BlackElo "1975"]
[Opening "Sicilian: closed, 2...Nc6"]
[ECO "B23"]
[NIC "SI.44"]
[Time "15:20:30"]
[TimeControl "3600+10"]

1. e4 c5 2. Nc3 Nc6 3. Bb5 e6 4. Bxc6 bxc6 5. d3 Ne7 6. f4 d5 7. Nf3 Ng6 8.
O-O Be7 9. b3 O-O 10. Ne2 c4 11. bxc4 dxe4 12. dxe4 Qb6+ 13. Kh1 Rd8 14. Qe1
Ba6 15. f5 exf5 16. exf5 Nf8 17. Nf4 Qb4 18. Bd2 Qd6 19. Nd3 c5 20. Bf4 Qd7
21. Nfe5 Qe8 22. Qg3 f6 23. Rae1 fxe5 24. Bxe5 Ng6 25. fxg6 Qxg6 26. Qxg6
hxg6 27. Bxg7 Bh4 28. Re4 Kxg7 29. Rxh4 Rf8 30. Rxf8 Rxf8 31. Kg1 Rb8 32.
Re4 Rb1+ 33. Kf2 Kf6 34. Nxc5 Bc8 35. Nd3 Ra1 36. Nb4 a5 37. Nd5+ Kg5 38.
Nc3 Bf5 39. Re2 a4 40. c5 Rc1 41. Ke3 Bxc2 42. Kd2 Rb1 {Black resigns} 1-0

[Event "ICC tourney 1955 (60 10)"]
[Site "Internet Chess Club"]
[Date "2020.08.08"]
[Round "5"]
[White "Monkeybomb3605"]
[Black "alkanet"]
[Result "1/2-1/2"]
[ICCResult "Game drawn by repetition"]
[WhiteElo "2003"]
[BlackElo "2163"]
[Opening "Ruy Lopez: closed defense"]
[ECO "C84"]
[NIC "RL.13"]
[Time "15:20:18"]
[TimeControl "3600+10"]

1. e4 e5 2. Nf3 Nc6 3. Bb5 a6 4. Ba4 Nf6 5. O-O Be7 6. d3 b5 7. Bb3 O-O 8.
Nc3 d6 9. a3 Bg4 10. Be3 Nd4 11. Bxd4 exd4 12. Nd5 c5 13. h3 Be6 14. Nxf6+
Bxf6 15. Bxe6 fxe6 16. Qe2 e5 17. Nh2 Bg5 18. Qg4 Ra7 19. a4 b4 20. Nf3 Bh6
21. Nh4 Raf7 22. Nf5 Rf6 23. g3 Qe8 24. b3 Kh8 25. Nxh6 gxh6 26. Kg2 Qf7 27.
f3 h5 28. Qh4 Rxf3 29. Rxf3 Qxf3+ 30. Kh2 Qe2+ 31. Kh1 Qf3+ 32. Kh2 Qf7 33.
Rg1 h6 34. Rg2 Kh7 35. Rg1 Kg6 36. Rg2 a5 37. Rg1 Re8 38. Rg2 Rf8 39. Rg1
Qf2+ 40. Rg2 Qf6 41. Rg1 Qg5 42. Qxg5+ hxg5 43. Kg2 Rf6 44. Rf1 Rxf1 45.
Kxf1 g4 46. h4 Kf6 47. Ke2 Ke6 48. Kd2 d5 49. Ke2 Kd6 50. Kd2 Kc6 51. Ke2
Kd6 52. Kd2 c4 53. bxc4 dxe4 54. dxe4 Kc5 55. Kd3 Kb6 56. Kd2 Kc6 57. Ke2
Kd6 58. Kd2 Kc5 59. Kd3 Kc6 60. Kd2 Kb6 61. Ke2 Kc6 62. Kd2 Kc5 63. Kd3 Kd6
64. Kd2 Kc6 65. Ke2 Kc5 66. Kd3 Kb6 67. Kd2 Kb7 68. Ke2 Kc6 69. Kd2
{Game drawn by repetition}
1/2-1/2

[Event "ICC tourney 1955 (60 10)"]
[Site "Internet Chess Club"]
[Date "2020.08.08"]
[Round "5"]
[White "Blue-Elephant1"]
[Black "OctopusYule"]
[Result "1-0"]
[ICCResult "Black resigns"]
[WhiteElo "2098"]
[BlackElo "1819"]
[Opening "Nimzo-Indian: Kmoch variation"]
[ECO "E20"]
[NIC "NI.30"]
[Time "15:20:39"]
[TimeControl "3600+10"]

1. d4 Nf6 2. c4 e6 3. Nc3 Bb4 4. f3 d5 5. a3 Bxc3+ 6. bxc3 Nbd7 7. cxd5 exd5
8. e3 O-O 9. Bd3 Re8 10. Ne2 c5 11. O-O b6 12. Bd2 Bb7 13. Qb1 Qc8 14. Re1
Ba6 15. Ng3 Bxd3 16. Qxd3 Qc6 17. e4 dxe4 18. fxe4 Rad8 19. Bg5 cxd4 20.
cxd4 Ne5 21. Qd2 Nc4 22. Qc3 b5 23. Rf1 Rd6 24. Bxf6 Rxf6 25. Rxf6 Qxf6 26.
Rf1 Qg5 27. Rf5 Qg4 28. Rxb5 Qd1+ 29. Nf1 Nd6 30. Re5 Rxe5 31. dxe5 Ne8 32.
Qc6 Qd4+ 33. Kh1 Qxe5 34. h3 h6 35. Qd5 Qa1 36. Qd3 Qc1 37. Kh2 Nf6 38. Ng3
Qf4 39. Qf3 Qe5 40. Qf5 Qc3 41. e5 Nh7 42. Ne4 Qxa3 43. Nd6 Qb3 44. Nc8 a5
45. Ne7+ Kf8 46. Ng6+ Kg8 47. Qc8+ Nf8 48. Qxf8+ Kh7 49. Ne7 h5 50. Qg8+ Kh6
51. Qh8+ Kg5 52. Qxg7+ Kf4 53. Qf6+ Ke4 54. Qf5+ Kd4 55. Nc6+ Kc5 56. Nxa5
Qb2 57. e6+ Kd6 58. Nc4+ {Black resigns} 1-0

[Event "ICC tourney 1955 (60 10)"]
[Site "Internet Chess Club"]
[Date "2020.08.08"]
[Round "5"]
[White "Aniketshukla"]
[Black "pawnpush202044"]
[Result "1-0"]
[ICCResult "Black resigns"]
[WhiteElo "2017"]
[BlackElo "1857"]
[Opening "Sicilian: Najdorf, Opocensky variation"]
[ECO "B92"]
[NIC "SI.11"]
[Time "15:20:11"]
[TimeControl "3600+10"]

1. e4 c5 2. Nf3 d6 3. d4 cxd4 4. Nxd4 Nf6 5. Nc3 a6 6. Be2 e5 7. Nb3 Be7 8.
Be3 Be6 9. O-O O-O 10. f4 b5 11. Bf3 Qc7 12. a3 Nbd7 13. Kh1 Rfd8 14. Nd5
Bxd5 15. exd5 Nb6 16. Bxb6 Qxb6 17. Re1 Nd7 18. Qd2 a5 19. a4 b4 20. Rab1
Bf6 21. c3 exf4 22. c4 Ne5 23. Rbc1 Rac8 24. Re4 h6 25. Qe2 Rc7 26. c5 Qa7
27. c6 Nxf3 28. gxf3 Be5 29. Qc2 g5 30. Re2 Kg7 31. Qc4 Rh8 32. Qb5 Ra8 33.
Rce1 f6 34. Qc4 Rac8 35. Rd1 Re7 36. Rde1 Rec7 37. Rd1 Re7 38. Nd4 Bxd4 39.
Qxd4 Qc7 40. Rde1 Rce8 41. Rxe7+ Rxe7 42. Rxe7+ Qxe7 43. Qe4 Kf7 44. Qh7+
Ke8 45. Qg8+ Qf8 46. Qxf8+ {Black resigns} 1-0

[Event "ICC tourney 1955 (60 10)"]
[Site "Internet Chess Club"]
[Date "2020.08.08"]
[Round "5"]
[White "town"]
[Black "xx99754539"]
[Result "1/2-1/2"]
[ICCResult "Game drawn by repetition"]
[WhiteElo "2115"]
[BlackElo "1959"]
[Opening "Ruy Lopez: 5.O-O"]
[ECO "C78"]
[NIC "RL.12"]
[Time "15:20:04"]
[TimeControl "3600+10"]

1. e4 e5 2. Nf3 Nc6 3. Bb5 a6 4. Ba4 Nf6 5. O-O b5 6. Bb3 Bc5 7. c3 d6 8. d4
Bb6 9. dxe5 Nxe5 10. Nxe5 dxe5 11. Qxd8+ Kxd8 12. Bxf7 Rf8 13. Bd5 Nxd5 14.
exd5 Bb7 15. Bg5+ Kd7 16. Nd2 Bxd5 17. Rae1 Rae8 18. b3 Re6 19. Be3 Rg6 20.
g3 Rf5 21. Bxb6 cxb6 22. Re3 Rh6 23. f3 Rhf6 24. Kg2 Ke6 25. Ne4 Rf8 26. h3
h6 27. Rf2 g5 28. g4 Rf4 29. Ng3 Ba8 30. Nf5 e4 31. Rfe2 Ke5 32. Kg1 h5 33.
Rd3 Rh8 34. Ng3 hxg4 35. hxg4 Rhf8 36. Nf5 Rh8 37. Ng3 Rhf8 38. Nxe4 Bxe4
39. Rde3 Rxf3 40. Rxe4+ Kd6 41. Re6+ Kc7 42. Rg6 Rg3+ 43. Kh2 Rxg4 44. Kh3
Rg1 45. Kh2 Rc1 46. Re7+ Kd8 47. Ra7 Rc2+ 48. Kg1 Rc1+ 49. Kg2 Rc2+ 50. Kg3
Rxc3+ 51. Kg4 Rf4+ 52. Kxg5 Rg3+ 53. Kxf4 Rxg6 54. Rxa6 Kc7 55. Ra7+ Kc6 56.
Ke3 Rg3+ 57. Ke4 Rg1 58. Rh7 Re1+ 59. Kd3 Rd1+ 60. Kc2 Rg1 61. Rh2 Kc5 62.
a3 Rg3 63. Rh5+ Kc6 64. Kb2 Rf3 65. Kc2 Rg3 66. Re5 Rh3 67. Re2 Rg3 68. Rd2
Kc5 69. Rd3 Rg1 70. Rf3 Rh1 71. Rf5+ Kc6 72. Rf4 Rh3 73. Kb2 Rg3 74. b4 Rg2+
75. Kb3 Rg3+ 76. Kb2 Rg2+ 77. Kc1 Rg1+ 78. Kc2 Rg2+ 79. Kd1 Rg1+ 80. Ke2
Rg2+ 81. Kf3 Ra2 82. Rd4 Rxa3+ 83. Ke4 Rc3 84. Ke5 Rc4 85. Rd6+ Kc7 86. Rd4
Rc1 87. Kd5 Rh1 88. Re4 Kd7 89. Rg4 Rh5+ 90. Kd4 Rh6 91. Rg7+ Kd6 92. Rg5
Kc6 93. Rf5 Rd6+ 94. Kc3 Rg6 95. Kd4 Rg4+ 96. Kc3 Rc4+ 97. Kb3 Rd4 98. Kc3
Rc4+ 99. Kb3 Rg4 100. Kc3 Rg3+ 101. Kc2 Re3 102. Rg5 Rf3 103. Rh5 Rf2+ 104.
Kc3 Rf3+ 105. Kc2 Rf4 106. Kb3 Rd4 107. Kc3 Rf4 108. Rg5 Rf3+ 109. Kc2 Ra3
110. Kb2 Re3 111. Kc2 Ra3 112. Kb2 Ra4 113. Kb3 Ra1 114. Kb2 Rd1 115. Kc3
Rc1+ 116. Kb2 Re1 117. Kc3 Rd1 118. Kc2 Rh1 119. Kc3 Rh4 120. Rf5 Rc4+ 121.
Kb3 {Game drawn by repetition} 1/2-1/2

[Event "ICC tourney 1955 (60 10)"]
[Site "Internet Chess Club"]
[Date "2020.08.08"]
[Round "5"]
[White "SuperPuzzler"]
[Black "JonSnow22897"]
[Result "1/2-1/2"]
[ICCResult "Game drawn by mutual agreement"]
[WhiteElo "1971"]
[BlackElo "2121"]
[Opening "Petrov: Nimzovich attack"]
[ECO "C42"]
[NIC "RG.03"]
[Time "15:20:18"]
[TimeControl "3600+10"]

1. e4 e5 2. Nf3 Nf6 3. Nxe5 d6 4. Nf3 Nxe4 5. Nc3 Nxc3 6. dxc3 Be7 7. Bd3
Nc6 8. h3 Be6 9. Be3 Bf6 10. Qd2 Qd7 11. O-O-O a5 12. Kb1 O-O 13. g4 g6 14.
Rdg1 Rfb8 15. Nd4 Nxd4 16. cxd4 Bd5 17. Rh2 Qa4 18. b3 Qd7 19. c4 Bf3 20.
Rg3 Qc6 21. d5 Bxd5 22. cxd5 Qxd5 23. f4 a4 24. Bc4 Qe4+ 25. Qc2 Qe8 26. Re2
Qf8 27. Bc1 axb3 28. Bxb3 c6 29. Bb2 Bxb2 30. Qxb2 d5 31. Rge3 Re8 32. Qd2
Rxe3 33. Qxe3 Rb8 34. f5 f6 35. Qe6+ Qf7 36. Qxf7+ Kxf7 37. Bc2 g5 38. Kb2
Re8 39. Rxe8 Kxe8 40. Kc3 Kd7 41. Kd4 Kd6 42. a4 c5+ 43. Ke3 b6 44. Bd1 Ke5
45. Be2 {Game drawn by mutual agreement} 1/2-1/2

[Event "ICC tourney 1955 (60 10)"]
[Site "Internet Chess Club"]
[Date "2020.08.08"]
[Round "5"]
[White "Chessphilia"]
[Black "RogerZ"]
[Result "0-1"]
[ICCResult "White checkmated"]
[WhiteElo "2022"]
[BlackElo "1950"]
[Opening "Giuoco Piano"]
[ECO "C54"]
[NIC "IG.02"]
[Time "15:20:39"]
[TimeControl "3600+10"]

1. e4 e5 2. Nf3 Nc6 3. Bc4 Bc5 4. c3 Nf6 5. d3 O-O 6. O-O Bb6 7. Nbd2 d6 8.
h3 h6 9. a4 a5 10. Bb3 Be6 11. Nc4 Bxc4 12. Bxc4 Ne7 13. Re1 Ng6 14. Bb3 Nh5
15. d4 Nhf4 16. g3 Ne6 17. Kg2 Qf6 18. Be3 c5 19. d5 Nc7 20. h4 Qd8 21. Nd2
Kh8 22. Bc2 f5 23. Nc4 Ra6 24. Qh5 Qe8 25. Kh2 Ne7 26. Qxe8 Nxe8 27. f4 fxe4
28. Bxe4 Nf6 29. Nxd6 Nxe4 30. Nxe4 exf4 31. Bxc5 fxg3+ 32. Kg2 Bxc5 33.
Nxc5 Rf2+ 34. Kg1 Nxd5 35. Nxa6 Nf4 36. Re8+ Kh7 37. Kh1 Nh3 38. Nc5 Rh2#
{White checkmated}
0-1

[Event "ICC tourney 1955 (60 10)"]
[Site "Internet Chess Club"]
[Date "2020.08.08"]
[Round "5"]
[White "chessfirelord"]
[Black "ImmorTalChamp"]
[Result "1-0"]
[ICCResult "Black forfeits on time"]
[WhiteElo "1466"]
[BlackElo "1721"]
[Opening "Nimzo-Indian: 4.e3, Botvinnik system"]
[ECO "E49"]
[NIC "NI.08"]
[Time "15:19:55"]
[TimeControl "3600+10"]

1. d4 Nf6 2. c4 e6 3. Nc3 Bb4 4. e3 O-O 5. Bd3 d5 6. a3 Bxc3+ 7. bxc3 b6 8.
cxd5 exd5 9. Ne2 Bb7 10. O-O Nbd7 11. f3 Re8 12. Ng3 a6 13. Ra2 c5 14. Re2
Rc8 15. Bb2 c4 16. Bc2 Nf8 17. e4 Qc7 18. e5 N6d7 19. Nf5 Rb8 20. Nd6 Re6
21. f4 Rxd6 22. exd6 Qxd6 23. f5 Nf6 24. Bc1 Rd8 25. g4 Ne4 26. Bxe4 dxe4
27. Qe1 Qd5 28. Be3 Nd7 29. Qh4 Re8 30. g5 f6 31. Rg2 fxg5 32. Qxg5 Qf7 33.
h4 Nf6 34. h5 Nxh5 35. f6 Rf8 36. Qe5 Re8 37. Qf5 Bc8 38. Qg5 Rf8 39. Qe5
Re8 40. Qg5 Rf8 41. Qh4 {Black forfeits on time} 1-0

[Event "ICC tourney 1955 (60 10)"]
[Site "Internet Chess Club"]
[Date "2020.08.08"]
[Round "5"]
[White "chessmilano"]
[Black "KnightRyder3"]
[Result "1/2-1/2"]
[ICCResult "Game drawn by mutual agreement"]
[WhiteElo "1479"]
[BlackElo "1784"]
[Opening "Queen's pawn: London system"]
[ECO "A45"]
[NIC "QP.07"]
[Time "15:20:05"]
[TimeControl "3600+10"]

1. d4 Nf6 2. Bf4 g6 3. Nc3 d5 4. Nf3 Bg7 5. Qd2 O-O 6. Bh6 Nbd7 7. h4 Bxh6
8. Qxh6 e6 9. e3 Re8 10. O-O-O c5 11. Qf4 c4 12. g4 Qa5 13. h5 b5 14. hxg6
fxg6 15. Ne5 Nxe5 16. Qxf6 Nd7 17. Qh4 Nf8 18. Qg3 b4 19. Nb1 Qxa2 20. Qd6
a5 21. e4 Bb7 22. exd5 Bxd5 23. Rh3 Rec8 24. f4 b3 25. Qa3 Be4 26. Nc3 Qxa3
27. bxa3 Bxc2 28. Rd2 Rab8 29. Kb2 Kg7 30. d5 exd5 31. Rxd5 Rb7 32. Rxa5 Rd7
33. Nd5 Be4 34. Bxc4 Rxc4 35. Kxb3 Bxd5 36. Rxd5 Rxd5 37. Kxc4 Ra5 38. Kb4
Ra7 39. a4 Ne6 40. Rf3 Kf6 41. a5 Ke7 42. Re3 Kd6 43. Rd3+ Kc7 44. f5 gxf5
45. gxf5 Ng5 46. f6 Ra6 47. Rd5 h6 48. Rf5 Nf7 49. Kb5 Rc6
{Game drawn by mutual agreement}
1/2-1/2

[Event "ICC tourney 1955 (60 10)"]
[Site "Internet Chess Club"]
[Date "2020.08.08"]
[Round "5"]
[White "knvsback"]
[Black "Zues9393"]
[Result "0-1"]
[ICCResult "White checkmated"]
[WhiteElo "1813"]
[BlackElo "1985"]
[Opening "Sicilian: Canal-Sokolsky attack, 3...Bd7"]
[ECO "B52"]
[NIC "SI.01"]
[Time "15:20:40"]
[TimeControl "3600+10"]

1. e4 c5 2. Nf3 d6 3. Bb5+ Bd7 4. Bxd7+ Qxd7 5. O-O Nc6 6. c3 Nf6 7. Re1 g6
8. d4 Bg7 9. d5 Ne5 10. Nxe5 dxe5 11. f3 O-O 12. Be3 b6 13. Nd2 Ne8 14. a4
Nd6 15. a5 Qc7 16. c4 b5 17. b3 a6 18. Qc2 b4 19. Ra2 f5 20. Rea1 Kh8 21.
Ra4 f4 22. Bf2 g5 23. Kf1 Bf6 24. Ke2 Kg7 25. Qc1 Kf7 26. Qg1 Nb7 27. Kd3
Rg8 28. h3 h5 29. g4 hxg4 30. Qxg4 Qc8 31. Qh5+ Rg6 32. Rh1 Qd7 33. Qg4 Qxg4
34. hxg4 Rh8 35. Raa1 Rgh6 36. Rxh6 Rxh6 37. Ke2 e6 38. Kd3 Rh2 39. Ke2 Bd8
40. Nf1 Rh1 41. dxe6+ Kxe6 42. Rd1 Bxa5 43. Rd5 Bb6 44. Nd2 Rh2 45. Kf1 Rh8
46. Ke2 Rc8 47. Kd3 Ba7 48. Kc2 Bb8 49. Nb1 Bd6 50. Rd1 Rh8 51. Nd2 Rh2 52.
Rf1 Kd7 53. Kd3 Kc6 54. Ke2 Nd8 55. Ra1 Kb6 56. Rf1 Ne6 57. Kd3 Nd4 58. Bxd4
cxd4 59. Rc1 Bc5 60. Ra1 a5 61. Ra2 Rh1 62. Kc2 Re1 63. Ra4 Re3 64. Ra1 d3+
65. Kd1 Re2 66. Rb1 Bd4 67. Rc1 Bc3 68. Nb1 Re1# {White checkmated} 0-1

[Event "ICC tourney 1955 (60 10)"]
[Site "Internet Chess Club"]
[Date "2020.08.08"]
[Round "5"]
[White "jHanna"]
[Black "watermelon"]
[Result "0-1"]
[ICCResult "White checkmated"]
[WhiteElo "1792"]
[BlackElo "1722"]
[Opening "QGD semi-Slav"]
[ECO "D43"]
[NIC "SL.03"]
[Time "15:20:44"]
[TimeControl "3600+10"]

1. d4 d5 2. c4 c6 3. Nf3 Nf6 4. Nc3 e6 5. cxd5 exd5 6. Qc2 Bd6 7. Bg5 O-O 8.
e3 Re8 9. Bd3 h6 10. Bh4 Bg4 11. h3 Bxf3 12. gxf3 Nbd7 13. O-O-O Be7 14.
Rhg1 Nh5 15. Bg3 Nxg3 16. Rxg3 Bh4 17. Rg2 Kh8 18. Rdg1 Bf6 19. Ne2 c5 20.
Kb1 cxd4 21. Nxd4 Rc8 22. Qd2 Ne5 23. Bc2 Qb6 24. Nb3 Nxf3 25. Qd3 Rxc2 26.
Qxc2 Nxg1 27. Rxg1 Qc6 28. Rc1 Re6 29. Qf5 Qd7 30. Nc5 Qb5 31. Nb3 g6 32.
Qf4 Kg7 33. Qb8 Qe2 34. Rc2 Qf1+ 35. Nc1 Qxh3 36. Qxb7 Qf3 37. Qxa7 h5 38.
Qb7 h4 39. Rd2 h3 40. Qxd5 Qxd5 41. Rxd5 h2 42. Rd1 Rd6 43. Rh1 Rd2 44. Nb3
Rxb2+ 45. Kc1 Rxf2 46. Nd2 Rg2 47. Nf3 Be5 48. a4 Ra2 49. Nd2 g5 50. a5 Rxa5
51. Kc2 Ra2+ 52. Kd3 g4 53. Nf1 g3 54. Nxg3 Bxg3 55. Ke4 Rg2 56. Kf3 Rg1 57.
e4 Rxh1 58. Kxg3 Re1 59. Kxh2 Rxe4 60. Kg3 Re6 61. Kf4 Kg6 62. Kg4 f5+ 63.
Kf4 Re4+ 64. Kf3 Kg5 65. Kf2 Kg4 66. Kf1 Kg3 67. Kg1 Re1# {White checkmated}
0-1

[Event "ICC tourney 1955 (60 10)"]
[Site "Internet Chess Club"]
[Date "2020.08.08"]
[Round "5"]
[White "matein7"]
[Black "H2ODerp"]
[Result "0-1"]
[ICCResult "White resigns"]
[WhiteElo "1915"]
[BlackElo "2112"]
[Opening "Queen's pawn game"]
[ECO "E10"]
[NIC "QI.01"]
[Time "15:20:43"]
[TimeControl "3600+10"]

1. d4 Nf6 2. c4 e6 3. Nf3 d5 4. e3 Be7 5. Nc3 O-O 6. Bd3 c5 7. O-O cxd4 8.
exd4 dxc4 9. Bxc4 b6 10. Qe2 Bb7 11. Rd1 Nd5 12. Ne4 h6 13. a3 Nd7 14. Ng3
N7f6 15. Ne5 Nc7 16. Bd3 Nce8 17. Kh1 Nd6 18. f4 Re8 19. Nh5 Rc8 20. Re1 Rc7
21. Bd2 Nxh5 22. Qxh5 Bf8 23. Nxf7 Nxf7 24. Qg6 Bd6 25. Bb4 Bxb4 26. axb4
Qf6 27. Qh7+ Kf8 28. f5 Ng5 29. Qg6 e5 30. Qh5 e4 31. Rxa7 Nf7 32. Bb5 Ra8
33. Rxa8+ Bxa8 34. Qe2 Nd6 35. Ba4 Bd5 36. Bc2 Re7 37. Qf2 Kg8 38. Bd1 Qxf5
39. Qg3 Re6 40. Bg4 Qf6 41. Bxe6+ Qxe6 42. Qf4 Qf6 43. Qg3 Kh7 44. Qe3 Nc4
45. Qe2 Qxd4 46. Rf1 Qe5 47. h3 Nd6 48. Qc2 Bc4 49. Rf8 Qe7 50. Rf4 Bd3 51.
Qc3 Ne8 52. Qd4 Nf6 53. Qxb6 e3 54. Qd4 e2 55. Qxd3+ Kg8 56. Rf1 exf1=Q+ 57.
Qxf1 Qxb4 58. Qe2 Qe4 59. Qd2 Kh7 60. b4 Nd5 61. b5 Qb1+ 62. Kh2 Qxb5 63.
Qc2+ g6 64. Qc8 Nf6 65. Qf8 Qe5+ 66. Kh1 Qe6 67. Kh2 Ne4 68. Qf4 Qd6 69.
Qxd6 Nxd6 70. h4 Kg7 71. Kh3 Kf6 72. g4 Ke5 73. Kg3 Ke4 74. g5 h5
{White resigns}
0-1

[Event "ICC tourney 1955 (60 10)"]
[Site "Internet Chess Club"]
[Date "2020.08.08"]
[Round "5"]
[White "dswang"]
[Black "AJ2000"]
[Result "1-0"]
[ICCResult "Black forfeits on time"]
[WhiteElo "1849"]
[BlackElo "1707"]
[Opening "Ruy Lopez: Caro variation"]
[ECO "C70"]
[NIC "RL.09"]
[Time "15:20:35"]
[TimeControl "3600+10"]

1. e4 e5 2. Nf3 Nc6 3. Bb5 a6 4. Ba4 b5 5. Bb3 Nf6 6. O-O Bc5 7. d3 d6 8. c3
Bb6 9. h3 h6 10. Re1 O-O 11. Nbd2 Re8 12. Nf1 Ne7 13. Ng3 c6 14. a4 Bb7 15.
Be3 Bc7 16. Nh4 d5 17. Nh5 Nxh5 18. Qxh5 Qd6 19. Qg4 Rad8 20. Qe2 d4 21. Bd2
dxc3 22. Bxc3 b4 23. Bd2 Qxd3 24. Qf3 Qxf3 25. Nxf3 a5 26. Be3 Ng6 27. g3
Rd7 28. Bc4 Red8 29. Kf1 Bd6 30. Rad1 Bc7 31. Ke2 Rxd1 32. Rxd1 Rxd1 33.
Kxd1 Kf8 34. Nd2 Ke7 35. Nb3 Bc8 36. h4 Kf6 37. Nc5 Nf8 38. Na6 Bxa6 39.
Bxa6 Ne6 40. Kd2 Ke7 41. Bf1 Kd6 42. f4 exf4 43. gxf4 Kd7 44. e5 g6 45. Bh3
Ke7 46. Kd3 h5 47. Ke4 Kd7 48. f5 gxf5+ 49. Kxf5 Bd8 50. Bf2 Kc7 51. Bf1 Be7
52. Be2 Ng7+ 53. Ke4 Bd8 54. Bg3 Kd7 55. Bf1 Bb6 56. Bh3+ Ne6 57. Be1 Bd4
58. b3 Bc5 59. Bf1 Bd4 60. Be2 Bc3 61. Bf2 c5 62. Bxh5 Ke7 63. Be2 f6 64.
exf6+ Kxf6 65. Bc4 Nd4 66. Bg3 Nf5 67. Bc7 Nxh4 68. Bd8+
{Black forfeits on time}
1-0

[Event "ICC tourney 1955 (60 10)"]
[Site "Internet Chess Club"]
[Date "2020.08.08"]
[Round "5"]
[White "HiHiHidf"]
[Black "mangolamb"]
[Result "1/2-1/2"]
[ICCResult "Game drawn by mutual agreement"]
[WhiteElo "1962"]
[BlackElo "2112"]
[Opening "Ruy Lopez: exchange, Gligoric variation"]
[ECO "C69"]
[NIC "RL.08"]
[Time "15:21:07"]
[TimeControl "3600+10"]

1. e4 e5 2. Nf3 Nc6 3. Bb5 a6 4. Bxc6 dxc6 5. O-O f6 6. d4 Bg4 7. dxe5 Qxd1
8. Rxd1 fxe5 9. Rd3 Bd6 10. Nbd2 O-O-O 11. Nc4 Bxf3 12. gxf3 Nf6 13. Bg5 b5
14. Na5 c5 15. c4 Rde8 16. a4 b4 17. Be3 Nd7 18. Nb3 Rhf8 19. Kg2 Rf6 20. a5
Kb7 21. Rad1 Kc6 22. h4 h6 23. Nd2 Nf8 24. Rh1 Ne6 25. h5 Ref8 26. Rh3 R6f7
27. Rd5 Re8 28. Nf1 Nd4 29. Nd2 Re6 30. f4 exf4 31. Bxd4 cxd4 32. Rxd4 Be5
33. Nf3 Bf6 34. e5 Bxe5 35. Re4 Kd6 36. b3 Bc3 37. Rxe6+ Kxe6 38. Nh4 Rd7
39. Ng6 Kf5 40. Rh4 Bd2 41. Kf3 Rd4 42. Ne7+ Kg5 43. Rh1 Bc3 44. Nd5 c6 45.
Rg1+ Kxh5 46. Nxf4+ Kh4 47. Rh1+ Kg5 48. Ne6+ Kf5 49. Nxd4+ Bxd4 50. Rh4 Bf6
51. Rf4+ Ke6 52. Ke4 h5 53. Rf3 h4 54. Rd3 g5 55. c5 Be7 56. Kd4 g4 57. Re3+
Kf7 58. Re1 h3 59. Rg1 {Game drawn by mutual agreement} 1/2-1/2